 Dungeon Crawl Stone Soup version 0.28.0-53-g5a82cb258f (webtiles) character file.

Game seed: 16862688480341213904

72 Pyramidbread the Vexing (level 4, 0/27 HPs)
             Began as a Vampire Enchanter on June 5, 2022.
             Succumbed to an orc's poison
             ... on level 2 of the Dungeon.
             The game lasted 00:23:51 (1778 turns).

Pyramidbread the Vexing (Vampire Enchanter)         Turns: 1778, Time: 00:23:52

Health: 0/27       AC:  2    Str:  5 (7)  XL:     4   Next: 7%
Magic:  4/7        EV: 12    Int: 16 (17) God:
Gold:   92         SH:  0    Dex: 14 (16) Spells: 5/7 levels left

rFire   . . .      SeeInvis +   d - +1 dagger (drain)
rCold   . . .      Faith    .   (no shield)
rNeg    . . .      Spirit   .   b - +0 robe
rPois   .          Reflect  .   (no helmet)
rElec   .          Harm     .   (no cloak)
rCorr   .          Rampage  .   (no gloves)
Will    .....                   (no boots)
Stlth   +++.......              i - amulet of regeneration
HPRegen 1.09/turn               h - ring of wizardry
MPRegen 0.10/turn               (no ring)

@: lethally poisoned (0 -> -1), healing quickly, invisible
A: alive, fangs 3, see invisible, vampiric 2, [frail 1]
a: Exsanguinate


You were on level 2 of the Dungeon.
You visited 1 branch of the dungeon, and saw 3 of its levels.

You collected 92 gold pieces.

Inventory:

Hand Weapons
 d - a +1 dagger of draining (weapon)
Missiles
 g - 88 stones (quivered)
Armour
 b - a +0 robe (worn)
Jewellery
 h - a ring of wizardry (left hand)
 i - an amulet of regeneration (around neck)
 m - a ring of poison resistance
Scrolls
 e - a scroll of amnesia {unknown}
 j - a scroll of enchant armour {unknown}
 n - a scroll of identify {unknown}
 o - a scroll of teleportation {unknown}
Potions
 a - 3 potions of curing {unknown}
 f - a potion of magic {unknown}
 k - a potion of lignification {unknown}
 l - a potion of brilliance {unknown}
 p - 2 potions of haste {unknown}
 q - a potion of might {unknown}


   Skills:
 - Level 0.7 Fighting
 + Level 3.0 Short Blades
 + Level 2.6 Dodging
 - Level 4.4 Stealth
 - Level 2.0 Spellcasting
 + Level 5.4 Hexes


You had 5 spell levels left.
You knew the following spells:

 Your Spells              Type           Power      Damage    Failure   Level
a - Ensorcelled Hibernat  Hex/Ice        20%        N/A       4%          2

Your spell library contained the following spells:

 Spells                   Type           Power      Damage    Failure   Level
 Confusing Touch          Hex            19%        N/A       2%          3
 Tukima's Dance           Hex            19%        N/A       2%          3
 Apportation              Tloc           2%         N/A       9%          1
 Dazzling Flash           Conj/Hex       20%        N/A       9%          3
 Alistair's Intoxication  Tmut/Pois      0%         N/A       89%         5


Dungeon Overview and Level Annotations

Branches:
Dungeon (3/15)

Altars:


Innate Abilities, Weirdness & Mutations

Your natural rate of healing is accelerated.
You have razor-sharp teeth.
You have supernaturally acute eyesight. (SInv)
You are afflicted with vampirism and can become a bat while bloodless.
[You are frail. (-10% HP)]


Message History

Aiming: Ensorcelled Hibernation (safe; 4% risk of failure)
Press: ? - help, Shift-Dir - straight line, f/p - orc priest
Aim: an orc priest, wielding a +0 club and wearing a +0 leather armour (chance to affect: 44%)
The orc priest looks drowsy...
The orc misses you.
You hit the orc but do no damage. You punch the orc, but do no damage.
The orc is lightly wounded.
The orc barely misses you.
You hit the orc. You bite the orc.
The orc is severely wounded.
The orc hits you with a +0 falchion.
You barely miss the orc.
The orc is severely wounded.
The orc barely misses you.
You hit the orc but do no damage.
The orc is severely wounded.
You hear a shout!
The orc priest hits you with a +0 club.
A kobold comes into view. It is wielding a +0 dagger.
The orc misses you. The orc barely misses you.
You hit the orc.
You kill the orc!
The orc priest hits you with a +0 club.
You hit the kobold. You drain the kobold.
You kill the kobold!
The orc closely misses you.
The orc priest begins to cast a cantrip, but forgets the words!
Things that are here:
a +0 dagger; a +0 falchion; a +0 leather armour
There is a stone staircase leading up here.
The orc hits you with a +1 short sword of venom.
You are poisoned.
The orc priest invokes the aid of Beogh against you.
Beogh smites you!
* * * LOW HITPOINT WARNING * * *
You climb upwards.
* * * LOW HITPOINT WARNING * * *
You feel very sick.
There is a stone staircase leading down here.
You fade into invisibility!
You die...

####.#..................#.# #.
.........#.######.#####.#.# #.
...#.....#.........####.#.# #.
...##..<#########..#....#.# #.
...................#.####.# #.
..####..##########.#.# #.# #.
..+............#.....# #.# #.
..###.##.#####.#o....####.######.
................@.........#......
..<....#.#######o...#######.#####
..####.#.......#....'.....#.# '##
#.#######.#....#####.#.# .#
#....................#.#
.#####.##########...#######.#
...............†............#
######.######################
#.##..............##########


You could see an orc priest and an orc.

Vanquished Creatures
  2 adders (D:2)
  A worm (D:2)
  3 dart slugs (D:1)
  An orc (D:3)
  3 ball pythons
  11 endoplasms
  4 goblins
  2 hobgoblins
  A quokka (D:1)
  2 bats (D:2)
  2 frilled lizards
  3 kobolds
  8 rats
43 creatures vanquished.

Notes
Turn   | Place    | Note
-------+----------+-------------------------------------------
     0 | D:1      | Pyramidbread the Vampire Enchanter began the quest for the
                  | Orb.
     0 | D:1      | Reached XP level 1. HP: 13/13 MP: 3/3
   123 | D:1      | Reached XP level 2. HP: 19/19 MP: 5/5
   367 | D:1      | Reached skill level 5 in Hexes
   370 | D:1      | Learned a level 2 spell: Ensorcelled Hibernation
   589 | D:1      | Gained mutation: You are afflicted with vampirism and can
                  | become a bat while bloodless. [Vampire growth]
   589 | D:1      | Reached XP level 3. HP: 21/24 MP: 6/6
  1321 | D:2      | Reached XP level 4. HP: 27/27 MP: 7/7
  1777 | D:2      | HP: 1/27 [poisoned by an orc]
  1778 | D:2      | Succumbed to an orc's poison

Illustrated notes

Levels and vault maps discovered:
D:1:      beargit_arrival_greenhouse, layout_rooms
D:2:      layout_basic, minmay_increasing_density
D:3:      layout_rooms, mainiacjoe_overflow_brackets, uniq_jessica, uniq_terence

Skill      XL: |  1  2  3 |
---------------+----------+-----
Short Blades   | 2 3 |  3.0
Hexes          | 5 |  5.4
Fighting       | |  0.7
Dodging        | |  2.6
Stealth        | |  4.4
Spellcasting   | |  2.0

Action                   |  1- 3 |  4- 6 || total
-------------------------+-------+-------++-------
Melee: Dagger            |    93 |    12 ||   105
       Bite              |     8 |     1 ||     9
       Punch             |     2 |     1 ||     3
 Cast: Ensorcelled Hiber |     2 |     2 ||     4
 Abil: End Transformatio |     1 |       ||     1
       Bat Form          |     1 |       ||     1
       Exsanguinate      |     1 |       ||     1
       Revivify          |     1 |       ||     1
  Use: Potion            |       |     1 ||     1
 Stab: Sleeping          |     9 |     2 ||    11
Armor: Robe              |    11 |       ||    11
Dodge: Dodged            |    28 |    10 ||    38
